 Dungeon Crawl Stone Soup version 0.30.1-11-g7821555f0a (webtiles) character file.

Game seed: 17490263433937535714

13500 Peloso the Carver (level 11, 0/99 HPs)
             Began as a Minotaur Fighter on Dec 12, 2023.
             Was a High Priest of Okawaru.
             Slain by Jorgrun
             ... wielding a +0 heavy quarterstaff
              (25 damage)
             ... on level 12 of the Dungeon.
             The game lasted 00:20:02 (13104 turns).

Peloso the Carver (Minotaur Fighter)               Turns: 13104, Time: 00:20:03

Health: 0/99       AC: 18    Str: 21    XL:     11   Next: 76%
Magic:  11/11      EV:  8    Int:  5    God:    Okawaru [*****.]
Gold:   506        SH: 13    Dex: 23    Spells: 10/10 levels left

rFire   . . .        a - +1 long sword
rCold   . . .        d - +0 buckler
rNeg    . . .        H - +0 plate armour
rPois   .            (helmet restricted)
rElec   .            (no cloak)
rCorr   .            E - +0 pair of gloves {Dex+3}
SInv    .            G - +0 pair of boots
Will    .....        q - amulet of reflection Stlth
                     o - ring of flight
HPRegen 0.36/turn    L - +6 ring of dexterity
MPRegen 0.12/turn

%: reflection
@: mighty, flying
A: horns 2, retaliatory headbutt
a: Renounce Religion, Heroism, Finesse, Duel


You were on level 12 of the Dungeon.
You worshipped Okawaru.
Okawaru was extremely pleased with you.
You visited 2 branches of the dungeon, and saw 13 of its levels.
You also visited: Sewer.

You collected 683 gold pieces.
You spent 177 gold pieces at shops.

Inventory:

Hand Weapons
 a - a +1 long sword (weapon)
 b - a +0 vampiric long sword
Armour
 c - a +0 chain mail
 d - a +0 buckler (worn)
 E - a +0 pair of gloves of dexterity (worn)
 G - a +0 pair of boots (worn)
 H - a +0 plate armour (worn)
Jewellery
 o - a ring of flight (left hand)
 q - an amulet of reflection (around neck)
 D - a ring of protection from fire
 L - a +6 ring of dexterity (right hand)
Wands
 x - a wand of flame (16)
Scrolls
 e - 5 scrolls of teleportation
 f - 3 scrolls of enchant weapon
 g - a scroll of acquirement
 h - a scroll of fog
 i - 5 scrolls of fear
 j - 4 scrolls of amnesia {unknown}
 l - a scroll of identify
 p - 2 scrolls of blinking
 u - a scroll of poison
 y - a scroll of enchant armour
 B - 2 scrolls of immolation
 F - 4 scrolls of magic mapping {unknown}
 J - 4 scrolls of vulnerability {unknown}
Potions
 k - 2 potions of might
 m - a potion of haste
 s - 3 potions of flight
 t - 4 potions of heal wounds
 v - 4 potions of cancellation
 A - 2 potions of brilliance
 C - 2 potions of mutation
 I - 2 potions of invisibility
 K - 8 potions of curing
Miscellaneous
 w - a phial of floods (inert)


   Skills:
 + Level 10.1 Fighting
 + Level 14.0 Long Blades
 + Level 11.8 Armour
 + Level 2.6 Dodging
 + Level 0.1 Stealth
 + Level 10.4 Shields
 + Level 1.6 Invocations
 + Level 1.1 Evocations


You had 10 spell levels left.
You didn't know any spells.
Your spell library contained the following spells:

 Spells                   Type           Power      Damage    Failure   Level
 Necrotise                Necr           0%         1d4       100%        1
 Poisonous Vapours        Pois/Air       0%         N/A       100%        2
 Dazzling Flash           Conj/Hex       0%         N/A       100%        3
 Frozen Ramparts          Ice            0%         1d1       100%        3
 Mephitic Cloud           Conj/Pois/Air  0%         N/A       100%        3
 Vampiric Draining        Necr           0%         2d6       100%        3
 Volatile Blastmotes      Fire/Tloc      0%         2d10      100%        3
 Anguish                  Hex/Necr       0%         N/A       100%        4
 Cause Fear               Hex            0%         N/A       100%        4
 Ice Form                 Ice/Tmut       0%         N/A       100%        4
 Iskenderun's Mystic Bla  Conj/Tloc      0%         2d3       100%        4
 Agony                    Necr           0%         N/A       100%        5
 Freezing Cloud           Conj/Ice/Air   0%         6-21      100%        5
 Starburst                Conj/Fire      0%         6d3       100%        6
 Enfeeble                 Hex            0%         N/A       100%        7
 Summon Ice Beast         Ice/Summ       Unusable   N/A       N/A         4

Dungeon Overview and Level Annotations

Branches:
Dungeon (12/15)            Temple (1/1) D:5            Lair (0/5) D:11
    Orc (0/2) D:10          Sewer (visited)

Altars:
Ashenzari
Cheibriados
Dithmenos
Elyvilon
Gozag
Hepliaklqana
Makhleb
Okawaru
Qazlal
Ru
Trog
Uskayaw
Yredelemnul
Zin
The Shining One

Shops:
D:2 *   D:4 [   D:7 *

Annotations:
D:2 1 runed translucent door, Crazy Yiuf
D:4 3 runed translucent doors, ozzols's ghost, amateur MiBe
D:12 Jorgrun


Innate Abilities, Weirdness & Mutations

You have a pair of horns on your head.
You reflexively headbutt those who attack you in melee.


Message History

Jorgrun hits you but does no damage.
Unknown command.
You slash Jorgrun! Your headbutt misses Jorgrun.
Jorgrun is moderately wounded.
Unknown command.
You barely miss Jorgrun. You headbutt Jorgrun.
Jorgrun is moderately wounded.
You block Jorgrun's attack.
Unknown command.
You slash Jorgrun! You headbutt Jorgrun!
Jorgrun is heavily wounded.
Unknown command.
You hit Jorgrun. Your headbutt misses Jorgrun.
Jorgrun is heavily wounded.
Jorgrun hits you with a +0 heavy quarterstaff!!
* * * LOW HITPOINT WARNING * * *
You slash Jorgrun!
Jorgrun is severely wounded.
You hit Jorgrun.
Jorgrun is severely wounded.
You block Jorgrun's attack.
You barely miss Jorgrun.
Jorgrun is severely wounded.
You miss Jorgrun.
Jorgrun is severely wounded.
Jorgrun hits you but does no damage.
You slice Jorgrun!!
Jorgrun is almost dead.
You slash Jorgrun!
Jorgrun is almost dead.
Jorgrun points at you and mumbles some strange words.
The iron shot hits you!
* * * LOW HITPOINT WARNING * * *
You feel much better. Jorgrun barely misses you.
You slash Jorgrun!
Jorgrun is almost dead.
You miss Jorgrun.
Jorgrun is almost dead.
Jorgrun hits you with a +0 heavy quarterstaff!!
You die...

g.......# ......... #........
#........ ...... #........ #.#.#
#######)# #...# ###†# ##..##
##...# ######### #...## #..###
........# ##'.#g###### ####'####
........# #....@.....# #........
........# #......)[..###........
........# #......[)..#.'........
........####....<.....'.#........
........'.##.....<....###........
........#..#...........#####+####
........##.'>.........## #..###
####'#######..........# ##..†.
###..# ##'######### #####


You could see Jorgrun.

Vanquished Creatures
  Fannar (D:12)
  2 two-headed ogres
  A deep elf pyromancer (D:12)
  A manticore (D:11)
  A gargoyle (D:11)
  2 unseen horrors
  Psyche (D:12)
  A komodo dragon (D:11)
  3 slime creatures (D:12)
  Sigmund (D:4)
  6 wyverns
  3 wraiths
  2 basilisks (D:11)
  20 yaks
  A steam dragon (D:8)
  Edmund (D:5)
  Menkaure (D:4)
  4 acid dragons
  3 orc warriors
  A water moccasin (D:9)
  3 ice beasts
  2 sky beasts (D:7)
  2 black bears
  2 ogres
  5 centaurs
  A phantom (D:5)
  A kobold brigand (D:11)
  4 bullfrogs
  A gnoll sergeant (D:8)
  A scorpion (D:4)
  3 wights (D:10)
  5 killer bees (D:10)
  11 howler monkeys
  2 jellies
  4 orc priests
  A gnoll bouda (D:6)
  Natasha (thrice) (D:2)
  An iguana (D:5)
  5 orc wizards
  Robin (D:4)
  9 gnolls
  11 adders
  A shadow imp (D:6)
  2 white imps
  An ufetubus (D:5)
  3 worms
  4 dart slugs
  23 orcs
  14 ball pythons
  14 endoplasms
  12 giant cockroaches
  17 goblins
  8 hobgoblins
  3 jackals (D:2)
  13 quokkas
  3 bats
  12 frilled lizards
  10 kobolds
  4 rats
278 creatures vanquished.

Vanquished Creatures (others)
  A kobold (D:11)
1 creature vanquished.

Grand Total: 279 creatures vanquished

Notes
Turn   | Place    | Note
-------+----------+-------------------------------------------
     0 | D:1      | Peloso the Minotaur Fighter began the quest for the Orb.
     0 | D:1      | Reached XP level 1. HP: 19/19 MP: 0/0
   223 | D:1      | Reached XP level 2. HP: 27/27 MP: 1/1
   757 | D:2      | Found Xedghel's Assorted Antiques.
   778 | D:2      | Reached XP level 3. HP: 33/33 MP: 2/2
   813 | D:2      | Bought a scroll labelled EHAQIANTEO for 31 gold pieces
   813 | D:2      | Bought a scroll labelled EHAQIANTEO for 31 gold pieces
  1169 | D:2      | Noticed Natasha
  1176 | D:2      | Killed Natasha
  1177 | D:2      | Reached skill level 3 in Long Blades
  1177 | D:2      | Reached XP level 4. HP: 18/41 MP: 3/3
  1337 | D:2      | Noticed Natasha
  1347 | D:2      | Killed Natasha
  1480 | D:2      | Found a runed translucent door.
  1481 | D:2      | Noticed Crazy Yiuf
  1721 | D:3      | Reached skill level 5 in Armour
  1721 | D:3      | Reached XP level 5. HP: 44/47 MP: 4/4
  1925 | D:3      | Found a faded altar of an unknown god.
  1933 | D:3      | Reached skill level 4 in Long Blades
  2314 | D:4      | Found a basalt altar of Yredelemnul.
  2360 | D:4      | Found a runed translucent gate.
  2360 | D:4      | Found a runed translucent gate.
  2362 | D:4      | Found a runed translucent gate.
  2365 | D:4      | Noticed ozzols's ghost (amateur MiBe)
  2395 | D:4      | Reached skill level 1 in Dodging
  2396 | D:4      | Noticed Menkaure
  2414 | D:4      | Killed Menkaure
  2415 | D:4      | Reached XP level 6. HP: 18/53 MP: 5/5
  2684 | D:4      | Noticed Robin
  2686 | D:4      | Reached skill level 5 in Long Blades
  2702 | D:4      | Noticed Sigmund
  2719 | D:5      | Entered Level 5 of the Dungeon
  2730 | D:5      | Found a glowing drain.
  2836 | Sewer    | Entered a sewer
  3245 | Sewer    | Reached skill level 5 in Shields
  3258 | Sewer    | Reached XP level 7. HP: 25/60 MP: 6/6
  3468 | D:5      | Found a hazy altar of Hepliaklqana.
  3468 | D:5      | Found a sacrificial altar of Ru.
  3591 | D:5      | Found a staircase to the Ecumenical Temple.
  3598 | Temple   | Entered the Ecumenical Temple
  3685 | Temple   | Became a worshipper of Warmaster Okawaru
  3725 | D:5      | Reached skill level 6 in Long Blades
  4154 | D:5      | Reached skill level 5 in Fighting
  4341 | D:2      | Noticed Natasha
  4353 | D:2      | Killed Natasha
  4360 | D:2      | Bought a scroll labelled OREGANG WARGHEC for 31 gold pieces
  4360 | D:2      | Bought a scroll labelled MORCHI KUBIMNY for 31 gold pieces
  4360 | D:2      | Bought a fuming dark potion for 27 gold pieces
  4587 | D:6      | Reached skill level 7 in Long Blades
  4810 | D:6      | Reached XP level 8. HP: 68/68 MP: 7/7
  4821 | D:6      | Reached * piety under Okawaru
  5740 | D:7      | Found Upsuluing's CLEARANCE SALE!.
  5749 | D:7      | Reached skill level 8 in Long Blades
  5754 | D:7      | Bought a potion of berserk rage for 10 gold pieces
  5754 | D:7      | Bought a potion of invisibility for 16 gold pieces
  6216 | D:7      | Reached ** piety under Okawaru
  6810 | D:8      | Reached skill level 9 in Long Blades
  6810 | D:8      | Reached XP level 9. HP: 65/75 MP: 8/8
  7054 | D:8      | Noticed a two-headed ogre
  7087 | D:8      | Killed a two-headed ogre
  7087 | D:8      | Reached *** piety under Okawaru
  7088 | D:8      | Reached skill level 10 in Long Blades
  7342 | D:8      | Found a bloodstained altar of Trog.
  7528 | D:4      | Noticed Edmund
  7528 | D:4      | Found Xecwiv's Antique Armour Emporium.
  7546 | D:5      | Killed Edmund
  7686 | D:4      | Killed Sigmund
  7687 | D:4      | Reached skill level 11 in Long Blades
  7813 | D:4      | Reached XP level 10. HP: 86/86 MP: 9/9
  7826 | D:4      | Killed Robin
  8185 | D:9      | Noticed a two-headed ogre
  8195 | D:9      | Killed a two-headed ogre
  8195 | D:9      | Reached **** piety under Okawaru
  8326 | D:9      | Reached skill level 1 in Invocations
  9032 | D:10     | Entered Level 10 of the Dungeon
  9040 | D:10     | Reached skill level 10 in Armour
  9125 | D:10     | Reached skill level 12 in Long Blades
  9269 | D:10     | Reached ***** piety under Okawaru
  9609 | D:10     | Found a staircase to the Orcish Mines.
  9951 | D:11     | Reached XP level 11. HP: 92/95 MP: 10/10
 10117 | D:11     | Found the amulet of Elemental Vulnerability {rPois rF--
                  | rC-- AC+8}
 10479 | D:11     | Received a gift from Okawaru
 10480 | D:11     | Reached skill level 13 in Long Blades
 10480 | D:11     | Reached skill level 1 in Evocations
 11172 | D:11     | Found a staircase to the Lair.
 11515 | D:12     | Noticed a deep elf pyromancer
 11525 | D:12     | Killed a deep elf pyromancer
 11526 | D:12     | Reached skill level 10 in Shields
 11899 | D:12     | Noticed Fannar
 11921 | D:12     | Killed Fannar
 12218 | D:12     | Identified a scroll of acquirement
 12255 | D:12     | Reached skill level 10 in Fighting
 12262 | D:12     | Noticed Psyche
 12270 | D:12     | Reached skill level 14 in Long Blades
 12575 | D:12     | Killed Psyche
 12743 | D:12     | Noticed Jorgrun
 13101 | D:12     | HP: 3/99 [Jorgrun/iron shot (16)]
 13104 | D:12     | Slain by Jorgrun

Illustrated notes

Levels and vault maps discovered:
D:1:      scummos_arrival_forest, layout_loops_ring, minmay_misc_feat_room,
          corexii_hall_statues_i
D:2:      layout_basic, serial_shops, shop, uniq_natasha,
          uniq_crazy_yiuf_cottage
D:3:      layout_loops_ring, shapermc_ecumenical_altar_venn,
          minmay_misc_feat_tower
D:4:      layout_rooms, nicolae_overflow_crystal_walls,
          ebering_ghost_rock_garden, serial_shops, nicolae_shop_window_shopping,
          uniq_robin, uniq_menkaure, uniq_sigmund, uniq_edmund
D:5:      layout_gridville, mainiacjoe_overflow_large_starburst,
          minmay_temple_entry_arrows, cheibrodos_sewer_entry_drain,
          feat_on_display
D:6:      layout_basic
D:7:      layout_loops_corners, nicolae_shop_clearance
D:8:      layout_loops_cross, bloody_trog
D:9:      layout_basic
D:10:     layout_loops_cross, orc_0_dummy
D:11:     layout_small_grid, erik_lair_dragon
D:12:     layout_roguey, serial_bayou_pond_d, uniq_fannar, uniq_jorgrun,
          uniq_psyche
Temple:   mainiacjoe_temple_bowtie_tessellation

Skill      XL: |  1  2  3  4  5  6  7  8  9 10 11 |
---------------+----------------------------------+-----
Fighting       | 4 5 6 7 8 10 | 10.1
Armour         | 4 5 6 8 9 11 | 11.8
Long Blades    | 3 4 5 7 9 11 12 14 | 14.0
Shields        | 4 5 6 8 9 10 | 10.4
Dodging        | 1 2 |  2.6
Invocations    | 1 |  1.6
Evocations     | 1 |  1.1
Stealth        | |  0.1

Action                     |  1- 3 |  4- 6 |  7- 9 | 10-12 || total
---------------------------+-------+-------+-------+-------++-------
  Melee: Long sword        |    78 |   221 |   285 |   427 ||  1011
         Headbutt          |    11 |    29 |    68 |   110 ||   218
 Invoke: Heroism           |       |       |     4 |     5 ||     9
  Evoke: Wand              |       |       |     3 |       ||     3
         Phial of floods   |       |       |       |     2 ||     2
    Use: Potion            |     4 |     1 |     1 |     2 ||     8
         Scroll            |       |     1 |     1 |    17 ||    19
   Stab: Fleeing           |       |     1 |       |       ||     1
 Armour: Scale mail        |    25 |       |       |       ||    25
         Chain mail        |    31 |   100 |    59 |       ||   190
         Plate armour      |       |       |    33 |   177 ||   210
  Dodge: Dodged            |    39 |    80 |    69 |    81 ||   269
  Block: Buckler           |    16 |   130 |   135 |   207 ||   488
         Reflection        |       |       |     2 |    11 ||    13
